 Dungeon Crawl Stone Soup version 0.26.1-2-gb8aa6d0cf2 (webtiles) character file.

Game seed: 2816119362671737995

413 Ladykiller69 the Skirmisher (level 6, -1/67 HPs)
             Began as an Ogre Fighter on Mar 19, 2021.
             Slain by Grinder (7 damage)
             ... on level 4 of the Dungeon.
             The game lasted 00:06:56 (4841 turns).

Ladykiller69 the Skirmisher (Ogre Fighter)          Turns: 4841, Time: 00:06:56

Health: -1/67      AC:  3    Str: 22    XL:     6   Next: 90%
Magic:  6/6        EV:  9    Int:  9    God:
Gold:   191        SH:  9    Dex:  9    Spells: 5/5 levels left

rFire    . . .     SeeInvis .   a - +0 war axe
rCold    . . .     Faith    .   c - +0 kite shield
rNeg     . . .     Spirit   .   b - +0 robe
rPois    .         Reflect  .   (helmet restricted)
rElec    .         Harm     .   (no cloak)
rCorr    .         Rampage  .   (gloves unavailable)
Will     .....                  (boots unavailable)
Stlth    +.........             (no amulet)
HPRegen  0.21/turn              (no ring)
MPRegen  0.10/turn              (no ring)

@: no status effects
A: large, unfitting armour, tough skin 1
a: no special abilities


You were on level 4 of the Dungeon.
You visited 1 branch of the dungeon, and saw 4 of its levels.

You collected 191 gold pieces.

Inventory:

Hand Weapons
 a - a +0 war axe (weapon)
Missiles
 j - 3 atropa-tipped darts (quivered)
 k - 8 curare-tipped darts
Armour
 b - a +0 robe (worn)
 c - a +0 kite shield (worn)
Scrolls
 e - a scroll of teleportation
 f - a scroll of random uselessness {unknown}
 i - a scroll of amnesia {unknown}
 m - a scroll of enchant weapon
 n - a scroll of blinking {unknown}
 s - a scroll of immolation {unknown}
Potions
 d - a potion of might
 l - a potion of berserk rage {unknown}
 o - a potion of flight
 p - a potion of invisibility {unknown}
 q - 2 potions of attraction
 r - a potion of heal wounds {unknown}


   Skills:
 + Level 5.7 Fighting
 * Level 4.6 Axes
 - Level 2.6 Dodging
 * Level 4.8 Shields


You had 5 spell levels left.
You didn't know any spells.
Your spell library was empty.

Dungeon Overview and Level Annotations

Branches:
Dungeon (4/15)
 Temple: D:4-7

Altars:
Sif Muna
Xom

Annotations:
D:4 Grinder


Innate Abilities, Weirdness & Mutations

You are too large for most types of armour.
You have tough skin. (AC +1)


Message History

* * * LOW HITPOINT WARNING * * *
You feel better. You block Grinder's attack.
You barely miss Grinder.
Grinder is severely wounded.
Grinder gestures at you.
You struggle to resist.
Grinder gestures at you. You resist with some effort.
You barely miss Grinder.
Grinder is severely wounded.
Grinder gestures at you. You resist with some effort.
You hit Grinder.
Grinder is almost dead.
Grinder hits you.
* * * LOW HITPOINT WARNING * * *
You writhe in agony.
* * * LOW HITPOINT WARNING * * *
You feel better. Grinder hits you!
You die...

...............##### ....#.....#
...............#...####.#.#.....#
.....#+###.....#........#.#.....#
#....# #................#.#.....#
..... #.......#....÷...#.#......
#.... #................#.#.####.
......####....#.#.....#........
.....#.........###...'........
.....#.......@5.....##.......#
.....................5........ .
...!.....#....##..####s..###
#.....##.#8..8##..≈≈≈≈≈≈≈<..
#..... #.#8..8#≈≈≈≈≈≈≈≈≈≈≈≈≈
#.... ..#≈..≈≈≈≈≈≈≈≈≈≈≈≈≈≈≈ #....
#≈≈≈..≈≈≈≈≈≈≈≈≈≈≈≈≈≈≈ #...
≈≈≈≈..≈≈≈≈≈≈≈###≈≈≈≈≈ ≈ #≈≈≈
≈≈≈≈..≈≈≈≈#### ####≈≈


You could see Grinder.

Vanquished Creatures
  A phantom (D:4)
  A bullfrog skeleton (D:4)
  2 orc wizards (D:3)
  A worker ant (D:4)
  9 adders
  An ooze (D:3)
  6 worms
  A dart slug (D:1)
  6 leopard geckos
  9 orcs (D:3)
  9 bats
  6 giant cockroaches
  12 goblins
  9 hobgoblins
  14 jackals
  A quokka (D:2)
  5 frilled lizards
  4 kobolds (D:1)
  6 rats
103 creatures vanquished.

Notes
Turn   | Place    | Note
-------+----------+-------------------------------------------
     0 | D:1      | Ladykiller69 the Ogre Fighter began the quest for the Orb.
     0 | D:1      | Reached XP level 1. HP: 24/24 MP: 1/1
    76 | D:1      | Reached XP level 2. HP: 28/32 MP: 2/2
   733 | D:1      | Reached XP level 3. HP: 40/40 MP: 3/3
  1272 | D:1      | Found a shimmering blue altar of Sif Muna.
  1589 | D:2      | Reached XP level 4. HP: 31/49 MP: 4/4
  2534 | D:2      | Reached XP level 5. HP: 51/55 MP: 5/5
  2896 | D:3      | Found a shimmering altar of Xom.
  2987 | D:3      | Reached skill level 5 in Fighting
  3723 | D:3      | Reached XP level 6. HP: 42/66 MP: 6/6
  4076 | D:4      | Noticed a phantom
  4119 | D:4      | Killed a phantom
  4475 | D:4      | Noticed Grinder
  4481 | D:4      | Paralysed by Grinder for 2 turns
  4802 | D:4      | Paralysed by Grinder for 6 turns
  4834 | D:4      | HP: 2/67 [Grinder/nerve-wracking pain (12)]
  4840 | D:4      | HP: 3/67 [Grinder (6)]
  4840 | D:4      | HP: 1/67 [Grinder (2)]
  4841 | D:4      | Slain by Grinder

Illustrated notes

Levels and vault maps discovered:
D:1:      dpeg_arrival_water_altar, layout_loops_corners, roderic_lattice_a,
          minmay_box_of_dots
D:2:      layout_basic
D:3:      layout_basic, lemuel_crystal_altar
D:4:      wander_river, layout_basic, overflow_temple_1_default,
          minmay_temple_entry_nine_rooms, uniq_grinder

Skill      XL: |  1  2  3  4  5 |
---------------+----------------+-----
Shields        | 3 4 |  4.8
Axes           | 3 4 |  4.6
Fighting       | 5 |  5.7
Dodging        | |  2.6

Action                   |  1- 3 |  4- 6 || total
-------------------------+-------+-------++-------
Melee: War axe           |   110 |   243 ||   353
Throw: Dart              |       |     4 ||     4
       Throwing net      |       |     1 ||     1
  Use: Scroll            |       |     7 ||     7
       Potion            |       |     4 ||     4
 Stab: Invisible         |       |     1 ||     1
       Held in net/web   |       |     2 ||     2
Armor: Robe              |    44 |    47 ||    91
Dodge: Dodged            |    47 |    66 ||   113
Block: Kite shield       |    45 |   111 ||   156
